 Dungeon Sprint DCSS version 0.22-a0-369-gc73351f (webtiles) character file.

220455 emperorscorpion the Gnoll Aeon (level 17, -24/155 HPs)
             Began as a Gnoll Skald on Apr 23, 2018.
             Was the Champion of Cheibriados.
             Killed from afar by an ancient lich (77 damage)
             ... with a bolt of cold
             ... in the Dungeon (Sprint IX: "|||||||||||||||||||||||||||||") on Apr 24, 2018.
             The game lasted 00:40:29 (3418 turns).

emperorscorpion the Gnoll Aeon (Gnoll Skald)        Turns: 3418, Time: 00:40:31

Health: -24/155    AC: 20    Str: 29    XL:     17   Next: 67%
Magic:  34/40      EV: 34    Int: 35    God:    Cheibriados [******]
Gold:   265        SH:  0    Dex: 35    Spells: 46/55 levels left

rFire    . . .     SeeInvis .   a - +9 glaive (chop)
rCold    . . .     Gourm    .   (shield currently unavailable)
rNeg     . . .     Faith    .   Y - +0 swamp dragon scales
rPois    +         Spirit   .   E - +0 helmet
rElec    .         Reflect  .   s - +0 cloak
rCorr    .         Harm     .   r - +0 pair of gloves
MR       +....     NoTele   +   (no boots)
Stlth    ++++++++..             (no amulet)
HPRegen  0.35/turn              u - +2 ring of protection
MPRegen  0.27/turn              v - +3 ring of intelligence

@: slowed, very slow
A: distributed training, fangs 1, strong nose
}: 4/15 runes: decaying, serpentine, barnacled, gossamer
a: Bend Time, Temporal Distortion, Slouch, Step From Time, Renounce Religion


You were in the Dungeon.
You worshipped Cheibriados.
Cheibriados was exalted by your worship.
You were not hungry.

You visited 1 branch You collected 1911 gold pieces.
You spent 1646 gold pieces at shops.

Inventory:

Hand Weapons
 a - a +9 glaive of chopping (weapon)
 t - a +2 halberd of protection
 J - a +0 bardiche
 N - the +10 hand axe of Cheibriados's Regard {flame, +Inv}
   (You bought it in a shop in the Dungeon)

   It has been specially enchanted to burn those struck by it, causing extra
   injury to most foes and up to half again as much damage against particularly
   susceptible opponents.
   Big, fiery blades are also staple armaments of hydra-hunters.
   It lets you turn invisible.
 W - a +1 glaive
 X - a +1 longbow
Missiles
 x - 118 arrows
 H - 63 bolts
 O - 7 tomahawks
 S - 2 throwing nets
 Z - 10 javelins of penetration (quivered)
Armour
 r - a +0 pair of gloves (worn)
 s - a +0 cloak (worn)
 A - +1 fire dragon scales
 E - a +0 helmet (worn)
 Y - +0 swamp dragon scales (worn)
Magical Staves
 b - an uncursed staff of energy
Jewellery
 c - an uncursed ring of wizardry
 m - an uncursed ring of protection from magic
 o - a +4 ring of evasion
 p - a +6 ring of intelligence
 q - an uncursed ring of wizardry
 u - a +2 ring of protection (left hand)
 v - a +3 ring of intelligence (right hand)
 T - an uncursed ring of see invisible
 U - an uncursed ring of protection from magic
 V - an uncursed ring of protection from magic
Scrolls
 j - 2 scrolls of blinking
 k - 4 scrolls of remove curse
 l - 2 scrolls of amnesia
 y - 5 scrolls of identify
 B - 10 scrolls of enchant armour
 C - 2 scrolls of enchant weapon
 D - 6 scrolls of fog
 I - 4 scrolls of fear
Potions
 e - 8 potions of curing
 f - 10 potions of heal wounds
 g - a potion of haste
 h - 5 potions of magic
 i - a potion of invisibility
 w - 2 potions of might
 z - 5 potions of mutation
 P - 6 potions of brilliance
 Q - 2 potions of agility
 R - a potion of ambrosia
Miscellaneous
 K - a phantom mirror
 L - a lightning rod (3/4)
 M - a crystal ball of energy
Comestibles
 d - 10 rations
 n - 5 chunks of flesh


   Skills:
 + Level 19.8 Fighting
 + Level 19.4 Short Blades
 + Level 19.4 Long Blades
 + Level 19.4 Axes
 + Level 19.4 Maces & Flails
 + Level 19.8 Polearms
 + Level 19.4 Staves
 + Level 19.4 Slings
 + Level 19.4 Bows
 + Level 19.4 Crossbows
 + Level 19.4 Throwing
 + Level 19.6 Armour
 + Level 19.8 Dodging
 + Level 19.4 Stealth
 + Level 19.4 Shields
 + Level 19.4 Unarmed Combat
 + Level 19.9 Spellcasting
 + Level 16.8 Conjurations
 + Level 16.8 Hexes
 + Level 17.4 Charms
 + Level 16.8 Summonings
 + Level 16.8 Necromancy
 + Level 16.8 Translocations
 + Level 16.8 Transmutations
 + Level 16.8 Fire Magic
 + Level 16.8 Ice Magic
 + Level 16.8 Air Magic
 + Level 16.8 Earth Magic
 + Level 16.8 Poison Magic
 + Level 20.9 Invocations
 + Level 19.4 Evocations


You had 46 spell levels left.
You knew the following spells:

 Your Spells              Type           Power        Failure   Level  Hunger
a - Infusion              Chrm           ####         0%          1    None
g - Shroud of Golubria    Chrm/Tloc      ########..   0%          2    None
r - Regeneration          Chrm/Necr      ########..   0%          3    None
w - Spectral Weapon       Hex/Chrm       ########     0%          3    None


Dungeon Overview and Level Annotations

Branches:
Dungeon (1/1)

Altars:
Cheibriados
Dithmenos
Elyvilon
Fedhas
Gozag
Hepliaklqana
Kikubaaqudgha
Makhleb
Nemelex Xobeh
Okawaru
Qazlal
Ru
Sif Muna
Trog
Uskayaw
Vehumet
Wu Jian
Xom
Yredelemnul
Zin
The Shining One
Beogh
Jiyva
Lugonu

Shops:
D !(}(


Innate Abilities, Weirdness & Mutations

Your experience applies equally to all skills.
You have very sharp teeth.
Your uncanny sense of smell can sniff out nearby items.


Message History

Unknown command.
Something touches you!
Your shroud falls apart!
Something touches you but does no damage.
A shadow dragon comes into view.
There is an open door, spattered with blood here.
Things that are here:
a dire flail; a leather armour; a great sword of flaming You slash something!
You bite something.
You hear some strange, mumbled words.
You feel yourself slow down.
You slash something! You bite something. Something completely misses you.
The vault sentinel blows a loud note on a signal horn!
You hear a shout!
You slice something!! Something touches you!
You miss something. Your bite misses something.
You hear some strange, mumbled words.
A bolt of cold appears from out of thin air!
The bolt of cold hits you!
You die...

▓.▓.♣.♣.▓.▓
▓.▓.♣.♣.▓.▓
∆
▓.▓.♣.♣.▓.▓
∆
▓.▓.♣.♣.▓[▓
∆
▓.▓.♣.♣.▓[▓
∆
▓.▓.♣.♣.▓[▓
∆
▓)▓.♣(♣.▓[▓
∆
▓(▓.▓'▓.▓[▓
∆
▓@▓.▓)▓.▓[▓
▓{▓.▓)▓.▓.▓
▓p▓.▓)▓.▓.▓
▓C▓.▓)▓.▓.▓
∆
▓p▓.▓)▓.▓.▓
∆
▓o▓.▓)▓.▓.▓
∆
▓p▓.▓)▓.▓.▓
∆
▓D▓.▓.▓.▓.▓
∆
∆▓.▓.▓.▓.▓


You could see a shadow dragon, a stone giant, a vault warden, a death knight, an
orc knight, a vault sentinel and a friendly spectral glaive of chopping.

Vanquished Creatures
  Sojobo (D)
  Jory (D)
  An Orb Guardian (D)
  A storm dragon (D)
  A thorn hunter (D)
  3 tengu reavers (D)
  Kirke (D)
  Donald (D)
  Ilsuiw (D)
  3 fire giants (D)
  8 nagarajas (D)
  4 ghost moths (D)
  2 frost giants (D)
  Aizul (D)
  8 emperor scorpions (D)
  2 vault wardens (D)
  A draconian stormcaller (D)
  4 stone giants (D)
  A very ugly thing (D)
  An ironheart preserver (D)
  A vampire knight (D)
  An entropy weaver (D)
  A spark wasp (D)
  2 merfolk javelineers (D)
  2 merfolk impalers (D)
  6 fire dragons (D)
  A yaktaur captain (D)
  3 ogre magi (D)
  A great orb of eyes (D)
  A rakshasa (D)
  2 ice dragons (D)
  Harold (D)
  3 naga warriors (D)
  2 catoblepae (D)
  6 hydras (D)
  2 merfolk avatars (D)
  26 vault guards (D)
  4 centaur warriors (D)
  A satyr (D)
  5 merfolk aquamancers (D)
  A two-headed ogre (D)
  An alligator (D)
  A tengu warrior (D)
  4 death yaks (D)
  A shock serpent (D)
  A deep troll shaman (D)
  5 orc high priests (D)
  A vampire mage (D)
  Urug (D)
  A naga sharpshooter (D)
  A salamander mystic (D)
  Nergalle (D)
  A hell knight (D)
  A flayed ghost (D)
  9 swamp dragons (D)
  An ironbrand convoker (D)
  An orb spider (D)
  10 wolf spiders (D)
  9 orc knights (D)
  3 manticores (D)
  An orc sorcerer (D)
  An ugly thing (D)
  A salamander (D)
  2 elephants (D)
  4 black mambas (D)
  A merfolk siren (D)
  4 moths of wrath (D)
  2 guardian serpents (D)
  2 naga magi (D)
  3 vault sentinels (D)
  2 spiny frogs (D)
  A water nymph (D)
  A freezing wraith (D)
  A komodo dragon (D)
  2 demonic crawlers (D)
  2 yaktaurs (D)
  2 merfolk (D)
  A guardian mummy (D)
  A tyrant leech (D)
  2 polar bears (D)
  2 hornets (D)
  2 wind drakes (D)
  3 jumping spiders (D)
  A bog body (D)
  2 slime creatures (D)
  3 hippogriffs (D)
  A redback (D)
  A tarantella (D)
  A shadow (D)
  3 hogs (D)
  A wraith (D)
  2 hungry ghosts (D)
  4 yaks (D)
  A human (D)
  Grum (D)
  3 basilisks (D)
  A naga (D)
  An acid dragon (D)
  3 porcupines (D)
  2 swamp drakes (D)
  13 orc warriors (D)
  4 wolves (D)
  An ice beast (D)
  A boggart (D)
  An ogre (D)
  A centaur (D)
  5 crocodiles (D)
  A bullfrog (D)
  6 orc priests (D)
  An orc wizard (D)
  3 worker ants (D)
  An adder (D)
  A leopard gecko (D)
  4 orcs (D)
  A giant cockroach (D)
  A hobgoblin (D)
  A quokka (D)
  A kobold (D)
  A quokka zombie (D)
  A rat (D)
  A spectral weapon (D)
295 creatures vanquished.

Vanquished Creatures (others)
  Kirke (D)
  A hog (D)
  A human (D)
  7 spectral weapons (D)
10 creatures vanquished.

Grand Total: 305 creatures vanquished

Notes
Turn   | Place    | Note
-------+----------+-------------------------------------------
     0 | D        | emperorscorpion the Gnoll Skald began the quest for the Orb.
     0 | D        | Reached XP level 1. HP: 20/20 MP: 6/6
    23 | D        | Reached skill level 5 in Spellcasting
    32 | D        | Reached skill level 1 in Short Blades
    32 | D        | Reached skill level 1 in Long Blades
    32 | D        | Reached skill level 1 in Axes
    32 | D        | Reached skill level 1 in Maces & Flails
    32 | D        | Reached skill level 1 in Staves
    32 | D        | Reached skill level 1 in Slings
    32 | D        | Reached skill level 1 in Bows
    32 | D        | Reached skill level 1 in Crossbows
    32 | D        | Reached skill level 1 in Throwing
    32 | D        | Reached skill level 1 in Stealth
    32 | D        | Reached skill level 1 in Shields
    32 | D        | Reached skill level 1 in Unarmed Combat
    32 | D        | Reached skill level 1 in Invocations
    32 | D        | Reached skill level 1 in Evocations
    43 | D        | Noticed a worker ant
    43 | D        | Noticed a worker ant
   307 | D        | Reached XP level 2. HP: 26/26 MP: 4/8
   312 | D        | Reached skill level 1 in Conjurations
   312 | D        | Reached skill level 1 in Hexes
   312 | D        | Reached skill level 1 in Summonings
   312 | D        | Reached skill level 1 in Necromancy
   312 | D        | Reached skill level 1 in Translocations
   312 | D        | Reached skill level 1 in Transmutations
   312 | D        | Reached skill level 1 in Fire Magic
   312 | D        | Reached skill level 1 in Ice Magic
   312 | D        | Reached skill level 1 in Air Magic
   312 | D        | Reached skill level 1 in Earth Magic
   312 | D        | Reached skill level 1 in Poison Magic
   312 | D        | Reached skill level 2 in Invocations
   312 | D        | Reached XP level 3. HP: 32/32 MP: 1/9
   315 | D        | Reached skill level 5 in Fighting
   315 | D        | Reached skill level 5 in Polearms
   315 | D        | Reached skill level 5 in Dodging
   319 | D        | Reached XP level 4. HP: 39/39 MP: 0/11
   330 | D        | Found a roughly hewn altar of Beogh.
   330 | D        | Found a snail-covered altar of Cheibriados.
   330 | D        | Found a shadowy altar of Dithmenos.
   330 | D        | Found a white marble altar of Elyvilon.
   330 | D        | Found a blossoming altar of Fedhas.
   330 | D        | Found an opulent altar of Gozag.
   331 | D        | Found a hazy altar of Hepliaklqana.
   332 | D        | Found a viscous altar of Jiyva.
   333 | D        | Found an ancient bone altar of Kikubaaqudgha.
   334 | D        | Became a worshipper of Cheibriados the Contemplative
   335 | D        | Found a corrupted altar of Lugonu.
   336 | D        | Found a burning altar of Makhleb.
   337 | D        | Found a sparkling altar of Nemelex Xobeh.
   338 | D        | Found an iron altar of Okawaru.
   339 | D        | Found a stormy altar of Qazlal.
   340 | D        | Found a sacrificial altar of Ru.
   341 | D        | Found a deep blue altar of Sif Muna.
   342 | D        | Found a bloodstained altar of Trog.
   343 | D        | Found a hide-covered altar of Uskayaw.
   344 | D        | Found a radiant altar of Vehumet.
   345 | D        | Found an ornate altar of the Wu Jian Council.
   346 | D        | Found a shimmering altar of Xom.
   347 | D        | Found a basalt altar of Yredelemnul.
   348 | D        | Found a glowing silver altar of Zin.
   349 | D        | Found a glowing golden altar of the Shining One.
   377 | D        | Learned a level 3 spell: Spectral Weapon
   381 | D        | Learned a level 3 spell: Regeneration
   384 | D        | Learned a level 2 spell: Shroud of Golubria
   407 | D        | Noticed a hungry ghost
   407 | D        | Noticed a hornet
   407 | D        | Noticed an ice beast
   407 | D        | Noticed a hippogriff
   407 | D        | Noticed a centaur
   411 | D        | Killed a hungry ghost
   411 | D        | Reached skill level 4 in Invocations
   411 | D        | Reached XP level 5. HP: 46/46 MP: 8/13
   411 | D        | Killed a hornet
   411 | D        | Reached * piety under Cheibriados
   411 | D        | Reached skill level 5 in Armour
   411 | D        | Reached skill level 5 in Invocations
   411 | D        | Reached XP level 6. HP: 53/53 MP: 9/16
   416 | D        | Killed an ice beast
   416 | D        | Reached ** piety under Cheibriados
   416 | D        | Reached skill level 5 in Short Blades
   416 | D        | Reached skill level 5 in Long Blades
   416 | D        | Reached skill level 5 in Axes
   416 | D        | Reached skill level 5 in Maces & Flails
   416 | D        | Reached skill level 5 in Staves
   416 | D        | Reached skill level 5 in Slings
   416 | D        | Reached skill level 5 in Bows
   416 | D        | Reached skill level 5 in Crossbows
   416 | D        | Reached skill level 5 in Throwing
   416 | D        | Reached skill level 5 in Stealth
   416 | D        | Reached skill level 5 in Shields
   416 | D        | Reached skill level 5 in Unarmed Combat
   416 | D        | Reached skill level 5 in Evocations
   416 | D        | Reached XP level 7. HP: 60/60 MP: 10/17
   419 | D        | Killed a hippogriff
   419 | D        | Reached skill level 6 in Invocations
   422 | D        | Reached *** piety under Cheibriados
   433 | D        | Noticed a hungry ghost
   433 | D        | Noticed a white ugly thing
   433 | D        | Noticed a yak
   433 | D        | Noticed a centaur warrior
   441 | D        | Killed a hungry ghost
   441 | D        | Reached skill level 5 in Conjurations
   441 | D        | Reached skill level 5 in Hexes
   441 | D        | Reached skill level 5 in Summonings
   441 | D        | Reached skill level 5 in Necromancy
   441 | D        | Reached skill level 5 in Translocations
   441 | D        | Reached skill level 5 in Transmutations
   441 | D        | Reached skill level 5 in Fire Magic
   441 | D        | Reached skill level 5 in Ice Magic
   441 | D        | Reached skill level 5 in Air Magic
   441 | D        | Reached skill level 5 in Earth Magic
   441 | D        | Reached skill level 5 in Poison Magic
   441 | D        | Reached XP level 8. HP: 68/68 MP: 7/20
   442 | D        | Reached **** piety under Cheibriados
   445 | D        | Killed a white ugly thing
   445 | D        | Reached skill level 7 in Invocations
   445 | D        | Killed a yak
   445 | D        | Reached ***** piety under Cheibriados
   450 | D        | Killed a centaur warrior
   450 | D        | Reached skill level 8 in Invocations
   450 | D        | Reached XP level 9. HP: 18/75 MP: 9/22
   579 | D        | Noticed a black mamba
   579 | D        | Noticed a seven-headed hydra
   584 | D        | Noticed a spiny frog
   588 | D        | Noticed an elephant
   591 | D        | Killed a two-headed hydra
   595 | D        | Killed a black mamba
   595 | D        | Reached skill level 9 in Invocations
   595 | D        | Reached XP level 10. HP: 68/83 MP: 17/23
   602 | D        | Reached ****** piety under Cheibriados
   605 | D        | Killed a spiny frog
   610 | D        | Killed an elephant
   610 | D        | Reached skill level 10 in Spellcasting
   631 | D        | Noticed an elephant
   637 | D        | Reached skill level 10 in Fighting
   637 | D        | Reached skill level 10 in Polearms
   637 | D        | Reached skill level 10 in Dodging
   642 | D        | Killed an elephant
   654 | D        | Reached skill level 10 in Invocations
   668 | D        | Noticed a death yak
   668 | D        | Noticed a catoblepas
   668 | D        | Noticed a catoblepas
   668 | D        | Noticed a death yak
   668 | D        | Noticed a death yak
   675 | D        | Noticed a death yak
   677 | D        | Killed a death yak
   677 | D        | Reached XP level 11. HP: 92/92 MP: 22/25
   690 | D        | Killed a catoblepas
   690 | D        | Reached skill level 10 in Armour
   701 | D        | Killed a catoblepas
   701 | D        | Killed a death yak
   701 | D        | Reached skill level 10 in Charms
   701 | D        | Killed a death yak
   701 | D        | Reached skill level 10 in Short Blades
   701 | D        | Reached skill level 10 in Long Blades
   701 | D        | Reached skill level 10 in Axes
   701 | D        | Reached skill level 10 in Maces & Flails
   701 | D        | Reached skill level 10 in Staves
   701 | D        | Reached skill level 10 in Slings
   701 | D        | Reached skill level 10 in Bows
   701 | D        | Reached skill level 10 in Crossbows
   701 | D        | Reached skill level 10 in Throwing
   701 | D        | Reached skill level 10 in Stealth
   701 | D        | Reached skill level 10 in Shields
   701 | D        | Reached skill level 10 in Unarmed Combat
   701 | D        | Reached skill level 10 in Evocations
   716 | D        | Killed a death yak
   716 | D        | Reached skill level 11 in Invocations
   786 | D        | Noticed Urug
   806 | D        | Killed Urug
   867 | D        | Noticed an orc sorcerer
   869 | D        | Killed an orc sorcerer
  1098 | D        | Found Cunk's Distillery.
  1098 | D        | Noticed an orc high priest
  1098 | D        | Noticed an orc knight
  1098 | D        | Noticed an orc high priest
  1098 | D        | Noticed an orc knight
  1098 | D        | Noticed an orc knight
  1100 | D        | Killed an orc high priest
  1102 | D        | Noticed a sun demon
  1102 | D        | Noticed an orc knight
  1109 | D        | Noticed an orc knight
  1110 | D        | Killed an orc knight
  1110 | D        | Reached XP level 12. HP: 101/101 MP: 21/27
  1114 | D        | Noticed a soul eater
  1117 | D        | Noticed an orc high priest
  1123 | D        | Killed an orc high priest
  1130 | D        | Reached skill level 12 in Invocations
  1130 | D        | Killed an orc high priest
  1137 | D        | Found Udaipo's Weapon Shoppe.
  1146 | D        | Found Qonor's Gadget Emporium.
  1150 | D        | Found Ihat's Antique Weapon Shoppe.
  1152 | D        | Noticed an orc high priest
  1156 | D        | Noticed an orc high priest
  1163 | D        | Killed an orc high priest
  1172 | D        | Killed an orc high priest
  1192 | D        | Bought a phantom mirror for 330 gold pieces
  1192 | D        | Bought a lightning rod (4/4) for 440 gold pieces
  1192 | D        | Bought a crystal ball of energy for 220 gold pieces
  1194 | D        | Bought a brightly glowing hand axe for 248 gold pieces
  1194 | D        | Identified the +10 hand axe of Cheibriados's Regard {flame, +Inv} (You bought it in a shop in the Dungeon)
  1209 | D        | Bought a potion of brilliance for 48 gold pieces
  1209 | D        | Bought a potion of curing for 36 gold pieces
  1209 | D        | Bought a potion of curing for 36 gold pieces
  1209 | D        | Bought 2 potions of agility for 96 gold pieces
  1209 | D        | Bought a potion of curing for 36 gold pieces
  1209 | D        | Bought a potion of ambrosia for 96 gold pieces
  1209 | D        | Bought a potion of heal wounds for 60 gold pieces
  1354 | D        | Noticed Grum
  1355 | D        | Noticed Harold
  1364 | D        | Killed Grum
  1364 | D        | Reached skill level 10 in Conjurations
  1364 | D        | Reached skill level 10 in Hexes
  1364 | D        | Reached skill level 10 in Summonings
  1364 | D        | Reached skill level 10 in Necromancy
  1364 | D        | Reached skill level 10 in Translocations
  1364 | D        | Reached skill level 10 in Transmutations
  1364 | D        | Reached skill level 10 in Fire Magic
  1364 | D        | Reached skill level 10 in Ice Magic
  1364 | D        | Reached skill level 10 in Air Magic
  1364 | D        | Reached skill level 10 in Earth Magic
  1364 | D        | Reached skill level 10 in Poison Magic
  1376 | D        | Killed Harold
  1448 | D        | Upgraded the game from 0.22-a0-368-g870eee8 to 0.22-a0-369-gc73351f
  1470 | D        | Noticed a two-headed ogre
  1470 | D        | Noticed a centaur warrior
  1479 | D        | Killed a two-headed ogre
  1482 | D        | Killed a centaur warrior
  1483 | D        | Noticed a rakshasa
  1492 | D        | Noticed a deep troll shaman
  1494 | D        | Reached skill level 13 in Invocations
  1498 | D        | Killed a rakshasa
  1498 | D        | Reached XP level 13. HP: 99/109 MP: 29/29
  1504 | D        | Noticed an ogre mage
  1509 | D        | Killed an ogre mage
  1511 | D        | Noticed a frost giant
  1512 | D        | Noticed a fire dragon
  1524 | D        | Killed a frost giant
  1533 | D        | Killed a fire dragon
  1614 | D        | Noticed Kirke
  1622 | D        | Killed Kirke
  1654 | D        | Noticed a thorn hunter
  1671 | D        | Killed a thorn hunter
  1671 | D        | Reached skill level 14 in Invocations
  1681 | D        | HP: 5/112 [16-headed hydra (3)]
  1804 | D        | Reached XP level 14. HP: 100/120 MP: 32/32
  1889 | D        | Noticed Nergalle
  1897 | D        | Killed Nergalle
  1897 | D        | Reached skill level 15 in Invocations
  1983 | D        | Noticed a frost giant
  1983 | D        | Noticed a vampire knight
  1983 | D        | Noticed a stone giant
  1983 | D        | Noticed a stone giant
  1983 | D        | Noticed a fire giant
  1987 | D        | Killed a vampire knight
  1989 | D        | Noticed a storm dragon
  1990 | D        | Killed a frost giant
  1990 | D        | Killed a stone giant
  1990 | D        | Killed a stone giant
  1991 | D        | Noticed a stone giant
  1993 | D        | Killed a fire giant
  1993 | D        | Reached skill level 15 in Spellcasting
  1995 | D        | Killed a storm dragon
  1995 | D        | Reached skill level 15 in Fighting
  1995 | D        | Reached skill level 15 in Polearms
  1995 | D        | Reached skill level 15 in Dodging
  1995 | D        | Killed a stone giant
  2021 | D        | Noticed a tengu reaver
  2027 | D        | Killed a tengu reaver
  2031 | D        | Noticed a brown very ugly thing
  2035 | D        | Killed a brown very ugly thing
  2035 | D        | Reached skill level 15 in Armour
  2050 | D        | Reached skill level 16 in Invocations
  2062 | D        | Noticed a stone giant
  2075 | D        | Killed a stone giant
  2085 | D        | Reached skill level 15 in Short Blades
  2085 | D        | Reached skill level 15 in Long Blades
  2085 | D        | Reached skill level 15 in Axes
  2085 | D        | Reached skill level 15 in Maces & Flails
  2085 | D        | Reached skill level 15 in Staves
  2085 | D        | Reached skill level 15 in Slings
  2085 | D        | Reached skill level 15 in Bows
  2085 | D        | Reached skill level 15 in Crossbows
  2085 | D        | Reached skill level 15 in Throwing
  2085 | D        | Reached skill level 15 in Stealth
  2085 | D        | Reached skill level 15 in Shields
  2085 | D        | Reached skill level 15 in Unarmed Combat
  2085 | D        | Reached skill level 15 in Evocations
  2085 | D        | Reached XP level 15. HP: 110/129 MP: 21/34
  2088 | D        | Noticed a vault warden
  2095 | D        | Killed a vault warden
  2108 | D        | Noticed a green draconian stormcaller
  2108 | D        | Noticed a nagaraja
  2117 | D        | Killed a nagaraja
  2119 | D        | Noticed an Orb Guardian
  2123 | D        | Killed a green draconian stormcaller
  2134 | D        | Killed an Orb Guardian
  2135 | D        | Noticed a vault warden
  2138 | D        | Paralysed by a great orb of eyes for 5 turns
  2145 | D        | Killed a vault warden
  2157 | D        | Reached skill level 17 in Invocations
  2256 | D        | Noticed Donald
  2269 | D        | Killed Donald
  2338 | D        | Found the +8 demon blade "Bloodbane" {slice, *Rage +Rage Stlth-}
  2473 | D        | Noticed an emperor scorpion
  2478 | D        | Killed a ghost moth
  2479 | D        | Noticed an emperor scorpion
  2480 | D        | Killed an emperor scorpion
  2480 | D        | Killed a ghost moth
  2482 | D        | Noticed an emperor scorpion
  2487 | D        | Noticed an emperor scorpion
  2501 | D        | Killed an emperor scorpion
  2510 | D        | Killed an emperor scorpion
  2524 | D        | Killed an emperor scorpion
  2531 | D        | Got a gossamer rune of Zot
  2539 | D        | Reached skill level 15 in Charms
  2560 | D        | Noticed an emperor scorpion
  2560 | D        | Noticed an emperor scorpion
  2560 | D        | Noticed an emperor scorpion
  2567 | D        | Killed an emperor scorpion
  2567 | D        | Killed an emperor scorpion
  2567 | D        | Reached XP level 16. HP: 49/141 MP: 24/37
  2568 | D        | Reached skill level 18 in Invocations
  2588 | D        | Killed Kirke
  2620 | D        | Got a gossamer rune of Zot
  2764 | D        | Found the +8 demon blade "Bloodbane" {slice, *Rage +Rage Stlth-}
  2971 | D        | Got a decaying rune of Zot
  2979 | D        | Noticed Ilsuiw
  2983 | D        | Reached skill level 15 in Conjurations
  2983 | D        | Reached skill level 15 in Hexes
  2983 | D        | Reached skill level 15 in Summonings
  2983 | D        | Reached skill level 15 in Necromancy
  2983 | D        | Reached skill level 15 in Translocations
  2983 | D        | Reached skill level 15 in Transmutations
  2983 | D        | Reached skill level 15 in Fire Magic
  2983 | D        | Reached skill level 15 in Ice Magic
  2983 | D        | Reached skill level 15 in Air Magic
  2983 | D        | Reached skill level 15 in Earth Magic
  2983 | D        | Reached skill level 15 in Poison Magic
  2993 | D        | Killed Ilsuiw
  3016 | D        | Got a barnacled rune of Zot
  3024 | D        | Noticed a nagaraja
  3024 | D        | Noticed a nagaraja
  3024 | D        | Noticed a nagaraja
  3025 | D        | Noticed a nagaraja
  3028 | D        | Reached skill level 19 in Invocations
  3029 | D        | Killed a nagaraja
  3029 | D        | Killed a nagaraja
  3033 | D        | Killed a nagaraja
  3037 | D        | Noticed a nagaraja
  3037 | D        | Killed a nagaraja
  3046 | D        | Noticed a nagaraja
  3050 | D        | Killed a nagaraja
  3051 | D        | Noticed a nagaraja
  3057 | D        | Killed a nagaraja
  3058 | D        | Killed a nagaraja
  3063 | D        | Got a serpentine rune of Zot
  3134 | D        | Noticed Aizul
  3140 | D        | Noticed a tengu reaver
  3141 | D        | Noticed Sojobo
  3144 | D        | Noticed a tengu reaver
  3148 | D        | Noticed Jory
  3150 | D        | Killed Aizul
  3152 | D        | Killed a tengu reaver
  3153 | D        | Killed a tengu reaver
  3153 | D        | Reached XP level 17. HP: 37/151 MP: 30/39
  3157 | D        | Killed Sojobo
  3165 | D        | Killed Jory
  3165 | D        | Reached skill level 20 in Invocations
  3388 | D        | Noticed an ancient lich
  3401 | D        | Noticed an Executioner
  3418 | D        | Killed from afar by an ancient lich

Vault maps used:
D:        linesprint

Skill      XL: |  1  2  3  4  5  6  7  8  9 10 11 12 13 14 15 16 17 |
---------------+----------------------------------------------------+-----
Spellcasting   | 5 6 7 8 9 10 11 12 14 15 17 18 19 | 19.9
Short Blades   | 1 2 3 4 5 6 7 8 9 10 12 13 15 16 18 19 | 19.4
Long Blades    | 1 2 3 4 5 6 7 8 9 10 12 13 15 16 18 19 | 19.4
Axes           | 1 2 3 4 5 6 7 8 9 10 12 13 15 16 18 19 | 19.4
Maces & Flails | 1 2 3 4 5 6 7 8 9 10 12 13 15 16 18 19 | 19.4
Staves         | 1 2 3 4 5 6 7 8 9 10 12 13 15 16 18 19 | 19.4
Slings         | 1 2 3 4 5 6 7 8 9 10 12 13 15 16 18 19 | 19.4
Bows           | 1 2 3 4 5 6 7 8 9 10 12 13 15 16 18 19 | 19.4
Crossbows      | 1 2 3 4 5 6 7 8 9 10 12 13 15 16 18 19 | 19.4
Throwing       | 1 2 3 4 5 6 7 8 9 10 12 13 15 16 18 19 | 19.4
Stealth        | 1 2 3 4 5 6 7 8 9 10 12 13 15 16 18 19 | 19.4
Shields        | 1 2 3 4 5 6 7 8 9 10 12 13 15 16 18 19 | 19.4
Unarmed Combat | 1 2 3 4 5 6 7 8 9 10 12 13 15 16 18 19 | 19.4
Invocations    | 1 2 4 5 6 8 9 10 11 13 14 16 17 19 20 | 20.9
Evocations     | 1 2 3 4 5 6 7 8 9 10 12 13 15 16 18 19 | 19.4
Armour         | 3 4 5 6 7 8 9 11 12 13 15 16 18 19 | 19.6
Conjurations   | 1 2 3 4 5 6 7 9 10 11 12 14 15 16 | 16.8
Hexes          | 1 2 3 4 5 6 7 9 10 11 12 14 15 16 | 16.8
Summonings     | 1 2 3 4 5 6 7 9 10 11 12 14 15 16 | 16.8
Necromancy     | 1 2 3 4 5 6 7 9 10 11 12 14 15 16 | 16.8
Translocations | 1 2 3 4 5 6 7 9 10 11 12 14 15 16 | 16.8
Transmutations | 1 2 3 4 5 6 7 9 10 11 12 14 15 16 | 16.8
Fire Magic     | 1 2 3 4 5 6 7 9 10 11 12 14 15 16 | 16.8
Ice Magic      | 1 2 3 4 5 6 7 9 10 11 12 14 15 16 | 16.8
Air Magic      | 1 2 3 4 5 6 7 9 10 11 12 14 15 16 | 16.8
Earth Magic    | 1 2 3 4 5 6 7 9 10 11 12 14 15 16 | 16.8
Poison Magic   | 1 2 3 4 5 6 7 9 10 11 12 14 15 16 | 16.8
Fighting       | 5 6 7 8 9 10 11 12 14 15 17 18 19 | 19.8
Polearms       | 5 6 7 8 9 10 11 12 14 15 17 18 19 | 19.8
Dodging        | 5 6 7 8 9 10 11 12 14 15 17 18 19 | 19.8
Charms         | 6 7 8 9 10 11 12 13 15 16 17 | 17.4

Action                   |  1- 3 |  4- 6 |  7- 9 | 10-12 | 13-15 | 16-18 || total
-------------------------+-------+-------+-------+-------+-------+-------++-------
Melee: Spear             |    42 |       |       |       |       |       ||    42
       Bite              |     2 |       |     4 |    47 |    47 |    39 ||   139
       Halberd           |       |     6 |    20 |   240 |   206 |   124 ||   596
       Scimitar          |       |       |     7 |       |       |       ||     7
       Punch             |       |       |     1 |       |       |     1 ||     2
       Hand axe          |       |       |       |       |       |     4 ||     4
       Glaive            |       |       |       |       |       |    25 ||    25
Throw: Tomahawk          |       |       |       |     5 |     5 |     7 ||    17
       Throwing net      |       |       |       |       |       |     1 ||     1
 Cast: Infusion          |     1 |       |       |       |       |       ||     1
       Spectral Weapon   |       |     1 |     3 |    10 |    20 |     7 ||    41
       Shroud of Golubri |       |       |     2 |     6 |     1 |     5 ||    14
       Regeneration      |       |       |     2 |    10 |    19 |     9 ||    40
Invok: Slouch            |       |       |       |     3 |    14 |     8 ||    25
       Bend Time         |       |       |       |       |       |     1 ||     1
 Abil: Evoke Invisibilit |       |       |       |       |     1 |       ||     1
Evoke: Wand              |       |     2 |     4 |     4 |       |       ||    10
       Lightning rod     |       |       |       |       |    74 |    70 ||   144
       Staff of energy   |       |       |       |       |    20 |       ||    20
  Use: Potion            |     1 |       |     2 |       |     2 |     1 ||     6
       Scroll            |       |       |       |       |       |     6 ||     6
 Stab: Sleeping          |     1 |       |     2 |     4 |     2 |     2 ||    11
       Petrified         |       |       |       |     3 |       |       ||     3
       Distracted        |       |       |       |     1 |     2 |     1 ||     4
       Invisible         |       |       |       |       |       |     2 ||     2
  Eat: Chunk             |       |       |     1 |     3 |     5 |     2 ||    11
       Ration            |       |       |       |       |       |     1 ||     1
Armor: Leather armour    |     4 |     1 |     9 |       |       |       ||    14
       Fire dragon scale |       |       |    11 |    50 |    90 |    21 ||   172
       Swamp dragon scal |       |       |       |       |       |    37 ||    37
Dodge: Dodged            |    13 |     2 |    39 |   117 |   346 |   253 ||   770

Table legend:
 A = Spawn XP
 B = Non-spawn XP
 C = Spawn XP percentage of total XP
 D = Spawn monster count
 E = Non-spawn monster count
 F = Spawn count percentage of total count
 G = Total turns spent on level
                    A         B        C        D         E        F      G
               +---------+---------+-------+---------+---------+-------+---------
         Total |       0 |  223508 |   0.0 |       0 |     293 |   0.0 |  3418
               +---------+---------+-------+---------+---------+-------+---------
             D |       0 |  223508 |   0.0 |       0 |     293 |   0.0 |  3418
               +---------+---------+-------+---------+---------+-------+---------
